 Dungeon Crawl Stone Soup version 0.30-a0-782-ge64f9170bb (webtiles) character file.

Game seed: 17657436616928826586

419 cheesebisquit the Shooter (level 6, -4/53 HPs)
             Began as a Minotaur Hunter on Feb 18, 2023.
             Was a Follower of Fedhas.
             Succumbed to a water moccasin's poison
             ... on level 5 of the Dungeon.
             The game lasted 00:13:06 (3602 turns).

cheesebisquit the Shooter (Minotaur Hunter)         Turns: 3602, Time: 00:13:07

Health: -4/53      AC:  7    Str: 12 (15) XL:     6   Next: 62%
Magic:  5/5        EV: 12    Int:  5 (6)  God:    Fedhas [*.....]
Gold:   75         SH:  0    Dex: 15 (16) Spells: 5/5 levels left

rFire   . . .      SeeInvis .    a - +1 shortbow
rCold   . . .      Faith    .    (shield currently unavailable)
rNeg    . . .      Spirit   .    j - +0 ring mail
rPois   .          Reflect  .    (helmet restricted)
rElec   .          Harm     .    (no cloak)
rCorr   .          Rampage  .    i - +1 pair of gloves {Stlth+}
Will    .....                    (no boots)
Stlth   ++                       (no amulet)
HPRegen 0.28/turn                (no ring)
MPRegen 0.09/turn                (no ring)

@: lethally poisoned (-4 -> -44)
A: horns 2, retaliatory headbutt
a: Renounce Religion


You were on level 5 of the Dungeon.
You worshipped Fedhas.
Fedhas was aware of your devotion.
You visited 1 branch of the dungeon, and saw 5 of its levels.

You collected 150 gold pieces.
You spent 75 gold pieces at shops.

Inventory:

Hand Weapons
 a - a +1 shortbow (weapon)
Missiles
 m - 3 poisoned darts
 n - 6 datura-tipped darts
Armour
 c - a +0 leather armour
 i - a +1 pair of gloves of stealth (worn)
 j - a +0 ring mail (worn)
Wands
 k - a wand of flame (19)
Scrolls
 b - 4 scrolls of immolation
 p - a scroll of vulnerability
 s - 4 scrolls of fog
Potions
 d - 2 potions of degeneration
 h - a potion of ambrosia


   Skills:
 + Level 4.3 Fighting
 * Level 6.4 Ranged Weapons
 + Level 3.4 Armour
 + Level 3.9 Dodging
 - Level 0.7 Stealth


You had 5 spell levels left.
You didn't know any spells.
Your spell library contained the following spells:

 Spells                   Type           Power      Damage    Failure   Level
 Apportation              Tloc           0%         N/A       75%         1
 Necrotise                Necr           0%         1d4       75%         1
 Summon Small Mammal      Summ           0%         N/A       75%         1


Dungeon Overview and Level Annotations

Branches:
Dungeon (5/15)
 Temple: D:4-7

Altars:
Cheibriados
Dithmenos
Fedhas
Gozag
Makhleb
Nemelex Xobeh
The Shining One

Shops:
D:3 (   D:5 =


Innate Abilities, Weirdness & Mutations

You have a pair of horns on your head.
You reflexively headbutt those who attack you in melee.


Message History

The water moccasin bites you.
You shoot an arrow. The arrow hits the water moccasin.
The water moccasin is heavily wounded.
The water moccasin closely misses you. You furiously retaliate!
You headbutt the water moccasin. The water moccasin bites you.
You shoot an arrow. The arrow hits the water moccasin.
The water moccasin is severely wounded.
The water moccasin bites you.
You are poisoned.
The water moccasin poisons you!
Okay, then.
You feel very sick.
The water moccasin bites you but does no damage.
You feel very sick.
You feel sick.
The water moccasin bites you but does no damage.
You feel sick.
The water moccasin attacks as you move away!
The water moccasin bites you!
You feel sick.
The water moccasin attacks as you move away!
The water moccasin bites you but does no damage.
You feel sick. The water moccasin bites you.
You are more poisoned.
The water moccasin poisons you!
As you read the scroll of teleportation, it crumbles to dust.
You feel strangely unstable.
You feel very sick. The water moccasin bites you.
* * * LOW HITPOINT WARNING * * *
You are more poisoned.
The water moccasin poisons you!
* * * LOW HITPOINT WARNING * * *
You feel very sick. The water moccasin bites you.
* * * LOW HITPOINT WARNING * * *
You are more poisoned.
The water moccasin poisons you!
Your surroundings suddenly seem different.
You die...
Fedhas appreciates your contribution to the ecosystem.

....#.##..... ###)....
#...⌠.⌠##...##.#....#..
.#....∩.#.....#.#.#..#.#
.'..>⌠.⌠...........>....
#......##.#..#.#.#.##.#
.#....#.#.....#...#....#
...?..#.#...#.#####.####
#)......##[..........
#...#..@...<#######.# #
##..#########
#...........?
##.....##### ##....#
#.....# ###. ##....#
###.... ##..###.....#.
##.........!.


There were no monsters in sight!

Vanquished Creatures
  A phantom (D:4)
  A howler monkey (D:3)
  A crimson imp (D:4)
  An orc priest (D:3)
  2 orc wizards
  3 adders
  4 gnolls
  A shadow imp (D:5)
  2 worms (D:2)
  3 dart slugs
  3 orcs
  11 ball pythons
  12 endoplasms
  A giant cockroach (D:1)
  10 hobgoblins
  2 jackals (D:2)
  9 kobolds
  5 quokkas
  9 bats
  3 frilled lizards
  8 goblins
  4 goblin zombies (D:4)
  2 hobgoblin zombies (D:4)
  3 kobold skeletons (D:4)
  An orc skeleton (D:4)
  2 orc zombies (D:4)
  7 rats
111 creatures vanquished.

Notes
Turn   | Place    | Note
-------+----------+-------------------------------------------
     0 | D:1      | cheesebisquit the Minotaur Hunter began the quest for the
                  | Orb.
     0 | D:1      | Reached XP level 1. HP: 18/18 MP: 0/0
    92 | D:1      | Reached XP level 2. HP: 20/25 MP: 1/1
   330 | D:1      | Reached skill level 1 in Armour
   371 | D:1      | Reached XP level 3. HP: 5/30 MP: 2/2
  1103 | D:2      | Reached skill level 5 in Ranged Weapons
  1253 | D:2      | Reached XP level 4. HP: 10/38 MP: 3/3
  1903 | D:3      | Reached XP level 5. HP: 43/45 MP: 4/4
  2115 | D:3      | Found Ommasis's Weapon Shop.
  2209 | D:3      | Bought 6 datura-tipped darts for 75 gold pieces
  2332 | D:4      | Found a sparkling altar of Nemelex Xobeh.
  2336 | D:4      | Found a blossoming altar of Fedhas.
  2336 | D:4      | Found a burning altar of Makhleb.
  2336 | D:4      | Found a shadowy altar of Dithmenos.
  2336 | D:4      | Noticed a phantom
  2352 | D:4      | Killed a phantom
  2353 | D:4      | Reached skill level 6 in Ranged Weapons
  2353 | D:4      | Reached XP level 6. HP: 37/52 MP: 5/5
  2412 | D:4      | Found an opulent altar of Gozag.
  2413 | D:4      | Found a snail-covered altar of Cheibriados.
  2416 | D:4      | Became a worshipper of Fedhas Madash
  2693 | D:4      | Found a glowing golden altar of the Shining One.
  2915 | D:4      | Reached * piety under Fedhas
  3091 | D:5      | Entered Level 5 of the Dungeon
  3138 | D:5      | Found Emozyhitoi's Jewellery Shop.
  3587 | D:5      | Noticed a water moccasin
  3602 | D:5      | Succumbed to a water moccasin's poison

Illustrated notes

Levels and vault maps discovered:
D:1:      minmay_arrival_wavy_path, layout_basic, chequers_serial_rivers_room_a,
          minmay_crystal_room
D:2:      layout_basic
D:3:      layout_basic, serial_shops, shop, minmay_misc_feat_x
D:4:      layout_loops_ring, nicolae_tso_besieged_by_evil,
          grunt_temple_overflow_open
D:5:      cheibrodos_thug_alley, layout_basic, nicolae_qazlal_scattered_showers,
          serial_shops, shop_fountains, amcnicky_mini_pool_small, minmay_holes,
          minmay_misc_feat_more_columns, nicolae_figureground_pulse

Skill      XL: |  1  2  3  4  5 |
---------------+----------------+-----
Armour         | 1 2 3 |  3.4
Fighting       | 3 4 |  4.3
Ranged Weapons | 5 6 |  6.4
Dodging        | 3 |  3.9
Stealth        | |  0.7

Action                     |  1- 3 |  4- 6 || total
---------------------------+-------+-------++-------
   Fire: Shortbow          |   133 |   225 ||   358
    Use: Scroll            |       |     7 ||     7
         Potion            |       |     4 ||     4
 Armour: Leather armour    |    12 |     1 ||    13
         Ring mail         |       |    44 ||    44
  Dodge: Dodged            |    31 |    75 ||   106

Table legend: (Time is in decaauts)
 A = Elapsed time spent in this place.
 B = Non-inter-level travel time spent in this place.
 C = Inter-level travel time spent in this place.
 D = Time resting spent in this place.
 E = Time spent auto-exploring this place.
 F = Levels seen in this place.
 G = Mean time per level.
                   A        B        C        D        E       F      G
               +--------+--------+--------+--------+--------+-----+--------+
         Total |   3710 |   3550 |    160 |    330 |   2501 |   5 |  742.0 |
       Dungeon |   3710 |   3550 |    160 |    330 |   2501 |   5 |  742.0 |
               +--------+--------+--------+--------+--------+-----+--------+

Top non-repeatable levels by time:
     D:4: 1152 daAuts
     D:1: 1121 daAuts
     D:2: 694 daAuts
     D:3: 579 daAuts
     D:5: 162 daAuts
